TOP OF THE 1ST |
Creighton Blue Jays batting - Pitching for Oregon State Beavers : RHP Palmer Sims
|
Pitching: RHP Palmer Sims
|
|
Batting: LHB Miguel Maldonado
|
0-0: Called Strike 0-1: Called Strike 0-2: Ground out 4-3 (Groundball, 4)
|
Batting: RHB Carlos Gómez
|
0-0: Called Strike 0-1: Ground out U3 (Groundball, 34)
|
Batting: SHB Brian Estes
|
0-0: Ball 1-0: Called Strike 1-1: Ball 2-1: Ball 3-1: Base on Balls
|
Batting: RHB Geoff Rainey
|
0-0: Foul Ball, location: 2F 0-1: Called Strike 0-2: Ball 1-2: Fly out, F6 (Line Drive, 6M)
|
Top of the 1st over - 0 runs, 0 hits, 0 errors, 1 left on base; Creighton 0 - Oregon State 0 |
BOTTOM OF THE 1ST |
Oregon State Beavers batting - Pitching for Creighton Blue Jays : RHP Theodore Hayes
|
Pitching: RHP Theodore Hayes
|
|
Batting: LHB Drew Morris
|
0-0: Ball 1-0: Ball 2-0: Called Strike 2-1: Foul Ball, location: 2F 2-2: SOLO HOME RUN (Flyball, 9LD), Distance : 332 ft
|
Batting: RHB Ed Edmonds
|
0-0: Ball 1-0: Called Strike 1-1: Ball 2-1: Swinging Strike 2-2: Foul Ball, location: 2F 2-2: Ball 3-2: Strikes out swinging
|
Batting: RHB Michael Kissinger
|
0-0: Ball 1-0: SINGLE (Groundball, 34D)
|
Batting: RHB Julius Sears
|
0-0: Ball 1-0: Called Strike 1-1: Foul Ball, location: 2F 1-2: Strikes out looking
|
Batting: LHB Guillermo Peña
|
0-0: Ball 1-0: Foul Ball, location: 2F 1-1: Ball 2-1: Ground out 1-3 (Groundball, P)
|
Bottom of the 1st over - 1 run, 2 hits, 0 errors, 1 left on base; Creighton 0 - Oregon State 1 |
TOP OF THE 2ND |
Creighton Blue Jays batting - Pitching for Oregon State Beavers : RHP Palmer Sims
|
Batting: LHB Bernard Lane
|
0-0: Ball 1-0: Ball 2-0: Ball 3-0: Base on Balls
|
Batting: RHB Lucas Archer
|
0-0: Called Strike 0-1: Ball 1-1: Ball 2-1: Foul Ball, location: 2F 2-2: Strikes out looking
|
Batting: LHB Ismael Báez
|
0-0: Ball 1-0: Fly out, F9 (Flyball, 9D)
|
Batting: LHB David Trent
|
0-0: Ball Bernard Lane steals 2nd base 1-0: Ball 2-0: DOUBLE (Flyball, 8LXD) Bernard Lane scores
|
Batting: LHB Mike Collier
|
0-0: Ball 1-0: Ball 2-0: Swinging Strike 2-1: Called Strike 2-2: Foul Ball, location: 2F 2-2: Ball 3-2: Strikes out swinging
|
Top of the 2nd over - 1 run, 1 hit, 0 errors, 1 left on base; Creighton 1 - Oregon State 1 |
BOTTOM OF THE 2ND |
Oregon State Beavers batting - Pitching for Creighton Blue Jays : RHP Theodore Hayes
|
Batting: LHB Fernando García
|
0-0: Called Strike 0-1: Ball 1-1: Ball 2-1: Ball 3-1: Called Strike 3-2: Strikes out swinging
|
Batting: RHB Bert Smith
|
0-0: Called Strike 0-1: Ball 1-1: Ball 2-1: Swinging Strike 2-2: Ball 3-2: Base on Balls
|
Batting: LHB Dave Olsen
|
0-0: Ball 1-0: Ball 2-0: Ball 3-0: Called Strike 3-1: Fly out, F7 (Flyball, 7D)
|
Batting: RHB Ray Picot
|
0-0: Ball 1-0: Ball 2-0: Ball 3-0: Base on Balls Bert Smith to second
|
Batting: LHB Drew Morris
|
0-0: Foul Ball, location: 2F 0-1: Called Strike 0-2: Foul Ball, location: 2F 0-2: Strikes out swinging
|
Bottom of the 2nd over - 0 runs, 0 hits, 0 errors, 2 left on base; Creighton 1 - Oregon State 1 |
TOP OF THE 3RD |
Creighton Blue Jays batting - Pitching for Oregon State Beavers : RHP Palmer Sims
|
Batting: LHB Miguel Maldonado
|
0-0: Ball 1-0: Ball 2-0: Swinging Strike 2-1: Foul Ball, location: 2F 2-2: Strikes out looking
|
Batting: RHB Carlos Gómez
|
0-0: Swinging Strike 0-1: Called Strike 0-2: Foul Ball, location: 2F 0-2: Ball 1-2: Hit by Pitch
|
Batting: SHB Brian Estes
|
0-0: Ball 1-0: Called Strike Carlos Gómez steals 2nd base 1-1: Ball 2-1: Foul Ball, location: 2F 2-2: Strikes out swinging
|
Batting: RHB Geoff Rainey
|
Pickoff Throw to Second - Out!
|
Top of the 3rd over - 0 runs, 0 hits, 0 errors, 0 left on base; Creighton 1 - Oregon State 1 |
BOTTOM OF THE 3RD |
Oregon State Beavers batting - Pitching for Creighton Blue Jays : RHP Theodore Hayes
|
Batting: RHB Ed Edmonds
|
0-0: Ball 1-0: Ball 2-0: SINGLE (Groundball, 56D)
|
Batting: RHB Michael Kissinger
|
0-0: Ground out 3-1 (Groundball, 34S) Ed Edmonds to second
|
Batting: RHB Julius Sears
|
0-0: Ball 1-0: Ball 2-0: Called Strike 2-1: Foul Ball, location: 2F 2-2: Fly out, F7 (Flyball, 78S)
|
Batting: LHB Guillermo Peña
|
0-0: Foul Ball, location: 2F 0-1: Foul Ball, location: 2F 0-2: Ball 1-2: Foul Ball, location: 2F 1-2: Foul Ball, location: 2F 1-2: Ground out 3-1 (Groundball, 34S)
|
Bottom of the 3rd over - 0 runs, 1 hit, 0 errors, 1 left on base; Creighton 1 - Oregon State 1 |
TOP OF THE 4TH |
Creighton Blue Jays batting - Pitching for Oregon State Beavers : RHP Palmer Sims
|
Batting: RHB Geoff Rainey
|
0-0: Ground out 5-3 (Groundball, 5)
|
Batting: LHB Bernard Lane
|
0-0: Ball 1-0: Called Strike 1-1: Foul Ball, location: 2F 1-2: Ball 2-2: Ball 3-2: Foul Ball, location: 2F 3-2: Foul Ball, location: 2F 3-2: Base on Balls
|
Batting: RHB Lucas Archer
|
0-0: Ball 1-0: Swinging Strike 1-1: Ball 2-1: Foul Ball, location: 2F 2-2: Ball 3-2: Foul Ball, location: 2F 3-2: Base on Balls Bernard Lane to second
|
Batting: LHB Ismael Báez
|
0-0: Ball 1-0: Ball 2-0: Ball 3-0: Called Strike 3-1: Hit by Pitch Bernard Lane to third Lucas Archer to second
|
Batting: LHB David Trent
|
0-0: Grounds into double play, 6-4-3 (Groundball, 6M)
|
Top of the 4th over - 0 runs, 0 hits, 0 errors, 2 left on base; Creighton 1 - Oregon State 1 |
BOTTOM OF THE 4TH |
Oregon State Beavers batting - Pitching for Creighton Blue Jays : RHP Theodore Hayes
|
Batting: LHB Fernando García
|
0-0: Called Strike 0-1: Called Strike 0-2: Ball 1-2: Ball 2-2: Ground out 4-3 (Groundball, 4)
|
Batting: RHB Bert Smith
|
0-0: Called Strike 0-1: Ball 1-1: Foul Ball, location: 2F 1-2: Foul Ball, location: 2F 1-2: Strikes out looking
|
Batting: LHB Dave Olsen
|
0-0: Ball 1-0: Foul Ball, location: 2F 1-1: Ball 2-1: Swinging Strike 2-2: Ball 3-2: Base on Balls
|
Batting: RHB Ray Picot
|
0-0: Ball 1-0: Ground out 6-3 (Groundball, 56)
|
Bottom of the 4th over - 0 runs, 0 hits, 0 errors, 1 left on base; Creighton 1 - Oregon State 1 |
TOP OF THE 5TH |
Creighton Blue Jays batting - Pitching for Oregon State Beavers : RHP Palmer Sims
|
Batting: LHB Mike Collier
|
0-0: Fly out, F6 (Popup, 56D)
|
Batting: LHB Miguel Maldonado
|
0-0: Foul Ball, location: 2F 0-1: Fly out, F8 (Flyball, 8LM)
|
Batting: RHB Carlos Gómez
|
0-0: Fly out, F9 (Flyball, 89S)
|
Top of the 5th over - 0 runs, 0 hits, 0 errors, 0 left on base; Creighton 1 - Oregon State 1 |
BOTTOM OF THE 5TH |
Oregon State Beavers batting - Pitching for Creighton Blue Jays : RHP Theodore Hayes
|
Pitching: LHP Walton Hall
|
|
Batting: LHB Drew Morris
|
0-0: Ball 1-0: Ball 2-0: Ball 3-0: Called Strike 3-1: Foul Ball, location: 2F 3-2: Base on Balls
|
Batting: RHB Ed Edmonds
|
0-0: Ball 1-0: Swinging Strike 1-1: Foul Ball, location: 2F 1-2: Ball 2-2: SINGLE (Groundball, 6MD) Drew Morris to second Runner from 2nd tries for 3rd, OUT!
|
Batting: RHB Michael Kissinger
|
0-0: Fly out, F8 (Flyball, 78D)
|
Batting: RHB Julius Sears
|
0-0: Called Strike 0-1: SINGLE (Line Drive, 78S) Ed Edmonds to second Runner from 2nd tries for 3rd, SAFE, no throw
|
Batting: LHB Guillermo Peña
|
0-0: Called Strike 0-1: Called Strike 0-2: Ball 1-2: SINGLE (Flyball, 7LS) Ed Edmonds scores Julius Sears to second
|
Batting: LHB Fernando García
|
0-0: Swinging Strike 0-1: Swinging Strike 0-2: Ball 1-2: Ball 2-2: Foul Ball, location: 2F 2-2: Ball 3-2: Foul Ball, location: 2F 3-2: Base on Balls Julius Sears to third Guillermo Peña to second
|
Batting: RHB Bert Smith
|
0-0: Ball 1-0: Called Strike 1-1: Foul Ball, location: 2F 1-2: SINGLE (Line Drive, 56D) Julius Sears scores Guillermo Peña to third Fernando García to second
|
Batting: LHB Dave Olsen
|
0-0: Fielders Choice at 2nd, U4 (Groundball, 4M)
|
Bottom of the 5th over - 2 runs, 4 hits, 0 errors, 3 left on base; Creighton 1 - Oregon State 3 |
TOP OF THE 6TH |
Creighton Blue Jays batting - Pitching for Oregon State Beavers : RHP Palmer Sims
|
Batting: SHB Brian Estes
|
0-0: Called Strike 0-1: Ball 1-1: Ball 2-1: Foul Ball, location: 2F 2-2: Ball 3-2: Base on Balls
|
Pitching: LHP Carroll O'Donovan
|
|
Batting: RHB Geoff Rainey
|
0-0: Fly out, F8 (Flyball, 8RD)
|
Batting: LHB Bernard Lane
|
0-0: Ball 1-0: Ball 2-0: SINGLE (Flyball, 7S) Brian Estes to second
|
Batting: RHB Lucas Archer
|
0-0: Ball 1-0: Ball 2-0: Ball 3-0: Base on Balls Brian Estes to third Bernard Lane to second
|
Batting: LHB Ismael Báez
|
0-0: Ball 1-0: Fly out, F7 (Flyball, 7D) Runner from 3rd tags up, SCORES, throw made
|
Batting: LHB David Trent
|
0-0: Fly out, F9 (Flyball, 9LD)
|
Top of the 6th over - 1 run, 1 hit, 0 errors, 2 left on base; Creighton 2 - Oregon State 3 |
BOTTOM OF THE 6TH |
Oregon State Beavers batting - Pitching for Creighton Blue Jays : LHP Walton Hall
|
Batting: RHB Ray Picot
|
0-0: Foul Ball, location: 2F 0-1: Foul Ball, location: 2F 0-2: Ball 1-2: Strikes out swinging
|
Batting: LHB Drew Morris
|
0-0: Swinging Strike 0-1: Swinging Strike 0-2: Strikes out looking
|
Batting: RHB Ed Edmonds
|
0-0: Ball 1-0: Ball 2-0: Ball 3-0: Base on Balls
|
Pitching: RHP Gunnar Jenkins
|
|
Batting: RHB Michael Kissinger
|
0-0: Called Strike 0-1: Ball 1-1: Ground out 5-3 (Groundball, 56)
|
Bottom of the 6th over - 0 runs, 0 hits, 0 errors, 1 left on base; Creighton 2 - Oregon State 3 |
TOP OF THE 7TH |
Creighton Blue Jays batting - Pitching for Oregon State Beavers : LHP Carroll O'Donovan
|
Batting: LHB Mike Collier
|
0-0: Called Strike 0-1: Ball 1-1: SINGLE (Groundball, 6D)
|
Batting: LHB Miguel Maldonado
|
0-0: Ball 1-0: Sac Bunt - play at first, batter OUT! 1-4 Mike Collier to second
|
Batting: RHB Carlos Gómez
|
0-0: Called Strike 0-1: Ball 1-1: Foul Ball, location: 2F 1-2: Strikes out swinging
|
Batting: SHB Brian Estes
|
0-0: Ground out 5-3 (Groundball, 56)
|
Top of the 7th over - 0 runs, 1 hit, 0 errors, 1 left on base; Creighton 2 - Oregon State 3 |
BOTTOM OF THE 7TH |
Oregon State Beavers batting - Pitching for Creighton Blue Jays : RHP Gunnar Jenkins
|
Batting: RHB Julius Sears
|
0-0: Called Strike 0-1: Swinging Strike 0-2: Strikes out swinging
|
Batting: LHB Guillermo Peña
|
0-0: Called Strike 0-1: Foul Ball, location: 2F 0-2: Foul Ball, location: 2F 0-2: Foul Ball, location: 2F 0-2: Strikes out swinging
|
Batting: LHB Fernando García
|
0-0: Called Strike 0-1: Ball 1-1: Ball 2-1: Ball 3-1: Base on Balls
|
Batting: RHB Bert Smith
|
0-0: Ball 1-0: Called Strike 1-1: Ball 2-1: Ball 3-1: Foul Ball, location: 2F 3-2: Base on Balls Fernando García to second
|
Batting: LHB Dave Olsen
|
0-0: Ground out 4-3 (Groundball, 4)
|
Bottom of the 7th over - 0 runs, 0 hits, 0 errors, 2 left on base; Creighton 2 - Oregon State 3 |
TOP OF THE 8TH |
Creighton Blue Jays batting - Pitching for Oregon State Beavers : LHP Carroll O'Donovan
|
Pitching: RHP Mario Benoit
|
|
Now at 1B: Wallace Harris
|
|
Batting: RHB Geoff Rainey
|
0-0: Ball 1-0: Ball 2-0: Ball 3-0: Base on Balls
|
Batting: LHB Bernard Lane
|
0-0: Fly out, F9 (Flyball, 9D) Runner from 1st tags up, SAFE at 2nd
|
Batting: RHB Lucas Archer
|
0-0: Ball 1-0: Ground out 4-3 (Groundball, 4) Geoff Rainey to third
|
Batting: LHB Ismael Báez
|
0-0: Ball 1-0: Called Strike 1-1: Swinging Strike 1-2: Ground out 6-3 (Groundball, 6)
|
Top of the 8th over - 0 runs, 0 hits, 0 errors, 1 left on base; Creighton 2 - Oregon State 3 |
BOTTOM OF THE 8TH |
Oregon State Beavers batting - Pitching for Creighton Blue Jays : RHP Gunnar Jenkins
|
Batting: RHB Ray Picot
|
0-0: Ground out 6-3 (Groundball, 6S)
|
Batting: LHB Drew Morris
|
0-0: Ball 1-0: Ground out U3 (Groundball, 3)
|
Batting: RHB Ed Edmonds
|
0-0: Ball 1-0: Foul Ball, location: 2F 1-1: Ball 2-1: Bunt missed! 2-2: Ground out 6-3 (Groundball, 6S)
|
Bottom of the 8th over - 0 runs, 0 hits, 0 errors, 0 left on base; Creighton 2 - Oregon State 3 |
TOP OF THE 9TH |
Creighton Blue Jays batting - Pitching for Oregon State Beavers : RHP Mario Benoit
|
Batting: LHB David Trent
|
0-0: Called Strike 0-1: Ball 1-1: SINGLE (Flyball, 8RS)
|
Pinch Hitting: RHB Enrico De Jesús
|
0-0: Ball 1-0: Called Strike 1-1: Ball 2-1: Foul Ball, location: 2F 2-2: Ball 3-2: Base on Balls David Trent to second
|
Pitching: LHP Vincent Pitts
|
|
Batting: LHB Miguel Maldonado
|
0-0: Called Strike 0-1: Sac Bunt - play at first, batter OUT! 1-4 David Trent to third Enrico De Jesús to second
|
Batting: RHB Carlos Gómez
|
0-0: Ball 1-0: Called Strike 1-1: Foul Ball, location: 2F 1-2: Ball 2-2: Fly out, F9 (Flyball, 89S)
|
Batting: SHB Brian Estes
|
0-0: SINGLE (Flyball, 8LS) David Trent scores Enrico De Jesús to third
|
Batting: RHB Geoff Rainey
|
0-0: Ball 1-0: Swinging Strike 1-1: Ball 2-1: Foul Ball, location: 2F 2-2: Strikes out looking
|
Top of the 9th over - 1 run, 2 hits, 0 errors, 2 left on base; Creighton 3 - Oregon State 3 |
BOTTOM OF THE 9TH |
Oregon State Beavers batting - Pitching for Creighton Blue Jays : RHP Gunnar Jenkins
|
Now in CF: Ryan Barnes
|
|
Batting: RHB Michael Kissinger
|
0-0: Called Strike 0-1: Ball 1-1: Ball 2-1: Ball 3-1: Called Strike 3-2: Strikes out swinging
|
Batting: RHB Julius Sears
|
0-0: Ball 1-0: Ball 2-0: DOUBLE (Line Drive, 7LM)
|
Pinch Hitting: RHB Steve Gómez
|
0-0: Ball 1-0: Ball 2-0: Called Strike 2-1: Swinging Strike 2-2: Foul Ball, location: 2F 2-2: Foul Ball, location: 2F 2-2: Foul Ball, location: 2F 2-2: Foul Ball, location: 2F 2-2: Strikes out swinging
|
Batting: LHB Fernando García
|
0-0: SINGLE (Flyball, 89S) Julius Sears to third Runner from 3rd tries for Home, SAFE, no throw
|
Saturday, April 7th, 2018 - OOTP Baseball 18.8 Build 76
|
|